AoeStats
← HairlessRex3750

Arabia

508355079Analyzed
1v1 RM · 11d ago on Sep 22, 2026· 55m 42s· 2 players
Game mode
Random Map
Map size
Tiny (2 player)
Population
200
Speed
Normal
Resources
Standard
Victory
Conquest
Starting age
Dark Age
Ending age
Imperial Age
RankedLock teamsTeams togetherTeam positionsShared explorationLock speedFull tech treeHidden civsTurbo modeCheats
Victory
Defeat
🇦🇷 Teutons · Argentina
1119
+14
🇫🇷 Burgundians · France
1077
-14
contact
4:43 Double-Bit Axe
7:12 Loom
10:47 Feudal Age
20:57 Castle Age
19:34 Stone Mining
20:18 Fletching
37:36 Wheelbarrow
38:15 Bodkin Arrow
38:53 Crossbowman
40:20 Bow Saw
43:31 Ballistics
44:35 Two-Man Saw
45:03 Padded Archer Armor
50:34 Imperial Age
52:31 Chemistry
52:46 Conscription
52:33 Bracer
52:48 Leather Archer Armor
HairlessRex3750
9:44 Feudal Age
10:08 Loom
14:33 Double-Bit Axe
15:56 Fletching
18:59 Wheelbarrow
20:00 Stone Mining
20:10 Horse Collar
28:13 Castle Age
29:12 Scale Mail Armor
32:03 Chain Mail Armor
32:51 Forging
34:35 Iron Casting
35:35 Heavy Plow
38:09 Gold Mining
41:10 Hand Cart
40:41 Town Watch
41:28 Town Patrol
44:45 Squires
44:30 Arson
47:25 Imperial Age
47:24 Bow Saw
47:12 Bodkin Arrow
47:18 Padded Archer Armor
47:23 Elite Skirmisher
49:06 Conscription
49:22 Leather Archer Armor
51:05 Plate Mail Armor
51:07 Ring Archer Armor
51:10 Plate Mail Armor
51:44 Chemistry
51:05 Ballistics
52:45 Siege Engineers
52:12 Elite Teutonic Knight
54:55 Blast Furnace
54:28 Crop Rotation
54:59 Two-Man Saw
Connection lost

Rejoining the realm…

Still unreachable

The connection could not be restored.

Session expired

The server has moved on; the page needs a fresh start.